 Dungeon Crawl Stone Soup version 0.30-a0-395-gfe72c296f8 (webtiles) character file.

Game seed: 13270682781887386827

12700 barrythebear the Severer (level 11, 0/93 HPs)
             Began as a Minotaur Fighter on Dec 7, 2022.
             Slain by Erica
             ... wielding a +4 scimitar of flaming
              (4 damage)
             ... on level 1 of the Lair of Beasts.
             The game lasted 00:55:12 (11046 turns).

barrythebear the Severer (Minotaur Fighter)        Turns: 11046, Time: 00:55:14

Health: 0/93       AC: 13    Str: 21    XL:     11   Next: 65%
Magic:  12/12      EV: 13    Int:  8    God:
Gold:   602        SH:  6    Dex: 13    Spells: 12/13 levels left

rFire   . . .      SeeInvis .    a - +3 war axe
rCold   . . .      Faith    +    c - +0 buckler
rNeg    . . .      Spirit   .    b - +2 scale mail
rPois   .          Reflect  .    (helmet restricted)
rElec   .          Harm     .    r - +0 cloak
rCorr   .          Rampage  .    q - +1 pair of gloves
Will    .....      Clarity  +    (no boots)
Stlth   +.........               h - amulet of faith
HPRegen 0.35/turn                v - +4 ring of slaying
MPRegen 0.13/turn                (no ring)

@: lethally poisoned (0 -> -3), hasted, very quick
A: horns 2, retaliatory headbutt, agile 1, clarity
a: no special abilities


You were on level 1 of the Lair of Beasts.
You visited 2 branches of the dungeon, and saw 11 of its levels.

You collected 602 gold pieces.

Inventory:

Hand Weapons
 a - a +3 war axe (weapon)
 d - a +4 flail of protection
 e - a +1 mace of protection
 t - a +3 war axe
Missiles
 w - 5 boomerangs (quivered)
Armour
 b - a +2 scale mail (worn)
 c - a +0 buckler (worn)
 m - a +0 pair of gloves
 q - a +1 pair of gloves (worn)
 r - a +0 cloak (worn)
 z - +0 steam dragon scales
 F - +0 steam dragon scales
 H - +0 steam dragon scales
Magical Staves
 y - a staff of conjuration
Jewellery
 h - an amulet of faith (around neck)
 u - an amulet of regeneration
 v - a +4 ring of slaying (left hand)
 C - a ring of flight
 D - an amulet of reflection
Wands
 o - a wand of charming (15)
 x - a wand of acid (8)
Scrolls
 f - a scroll of noise
 g - 3 scrolls of blinking
 j - a scroll of immolation
 s - a scroll of identify
 A - 3 scrolls of amnesia
 E - a scroll of butterflies
Potions
 i - 3 potions of flight
 k - 2 potions of haste
 l - 2 potions of mutation
 n - a potion of lignification
 p - 2 potions of curing
 B - 2 potions of magic
 G - a potion of resistance {unknown}


   Skills:
 + Level 7.7 Fighting
 * Level 15.5 Axes
 + Level 7.9 Armour
 * Level 8.0 Dodging
 + Level 1.9 Stealth
 * Level 8.6 Shields
 + Level 1.7 Spellcasting
 + Level 1.2 Transmutations
 + Level 1.1 Poison Magic


You had 12 spell levels left.
You knew the following spells:

 Your Spells              Type           Power      Damage    Failure   Level
a - Sting                 Tmut/Pois      8%         1d3       56%         1

Your spell library contained the following spells:

 Spells                   Type           Power      Damage    Failure   Level
 Poisonous Vapours        Pois/Air       2%         N/A       78%         2
 Dazzling Flash           Conj/Hex       0%         N/A       97%         3
 Portal Projectile        Hex/Tloc       0%         N/A       97%         3
 Tukima's Dance           Hex            0%         N/A       97%         3
 Iskenderun's Mystic Bla  Conj/Tloc      0%         2d3       100%        4
 Olgreb's Toxic Radiance  Pois           2%         N/A       100%        4
 Blade Hands              Tmut           1%         N/A       100%        5
 Conjure Ball Lightning   Conj/Air       0%         3x3d6     100%        6
 Starburst                Conj/Fire      0%         6d3       100%        6
 Discord                  Hex            0%         N/A       100%        8
 Disjunction              Tloc           0%         N/A       100%        8


Dungeon Overview and Level Annotations

Branches:
Dungeon (9/15)             Temple (0/1) D:4            Lair (2/5) D:9
  Swamp: Lair:2-3    Shoals: Lair:2-3     Snake: Lair:2-3    Spider: Lair:2-3
    Orc: D:9-12

Altars:
Dithmenos
Xom
Zin

Shops:
D:2 (   D:7 *=

Annotations:
D:3 1 runed translucent door, knorpule3000's ghost, amateur KoBr
Lair:2 Erica


Innate Abilities, Weirdness & Mutations

You have a pair of horns on your head.
You reflexively headbutt those who attack you in melee.
You are agile. (Dex +4, Str/Int -1)
You possess an exceptional clarity of mind.


Message History

You closely miss the blink frog.
You feel sick.
A blink frog comes into view.
The blink frog blinks!
The blink frog hits you!
You slash the blink frog!
The blink frog is heavily wounded.
You miss something.
You feel sick.
You hear some strange, mumbled words.
A bolt of poison appears from out of thin air!
The bolt of poison hits you!
You are more poisoned.
The blink frog blinks!
You feel very sick.
You feel very sick. The blink frog hits you.
The blink frog blinks! x2
The water moccasin bites you.
A blink frog comes into view.
Something hits you but does no damage.
The water moccasin attacks as you move away!
The water moccasin barely misses you.
You feel very sick.
The blink frog blinks! x2
There is a stone staircase leading up here.
You feel sick. The blink frog misses you. You furiously retaliate!
You headbutt the blink frog!
The blink frog blinks!
The water moccasin barely misses you. You furiously retaliate!
You headbutt the water moccasin. You block the blink frog's attack.
Something hits you!
* * * LOW HITPOINT WARNING * * *
Something burns you.
* * * LOW HITPOINT WARNING * * *
You climb upwards.
Reactivating autopickup.
You feel very sick.
There is a stone staircase leading down here.
You feel yourself speed up.
You feel sick. The water moccasin bites you.
* * * LOW HITPOINT WARNING * * *
The blink frog hits you but does no damage.
The water moccasin bites you.
* * * LOW HITPOINT WARNING * * *
Something hits you.
You die...

##
#########.....#####...#.......
#......####...P#.......
##..#...##.....##.......
#.............#....#....
##............##.........
##............###.........
#............## #.........
#(..........## #.........
##.......F@.## #.........
###........S.## #.........
#.#.........#### #.........
##.........###.# ##.........
##.............####..........
###.............(..............
#.#....................#.......
##.....................##......
##......................P.......


You could see a blink frog and a water moccasin.

Vanquished Creatures
  An ugly thing (D:6)
  A torpor snail (Lair:1)
  A black mamba (Lair:1)
  2 cane toads
  7 komodo dragons
  2 dream sheep (Lair:2)
  Sigmund (D:6)
  20 yaks
  2 wyverns (D:8)
  2 basilisks
  4 steam dragons
  Edmund (D:5)
  5 water moccasins
  A sky beast (D:8)
  2 ice beasts
  2 black bears (D:5)
  3 ogres
  5 wolves (Lair:1)
  2 centaurs
  3 phantoms
  3 kobold brigands
  6 bullfrogs
  A necrophage (D:6)
  3 scorpions (D:4)
  8 wights
  6 killer bees (D:8)
  A howler monkey (D:8)
  6 hounds
  2 jellies
  8 orc priests
  14 iguanas
  7 orc wizards
  A gnoll (D:5)
  7 adders
  A shadow imp (D:7)
  A white imp (D:5)
  An ufetubus (D:5)
  3 dart slugs
  33 orcs
  8 bats
  4 endoplasms
  8 giant cockroaches
  6 hobgoblins
  7 jackals
  9 quokkas
  9 ball pythons
  3 frilled lizards
  9 goblins
  14 kobolds
  9 rats
265 creatures vanquished.

Vanquished Creatures (collateral kills)
  An orc priest (D:5)
  An orc (D:5)
2 creatures vanquished.

Vanquished Creatures (others)
  An adder (D:6)
  3 fungi
  4 plants
8 creatures vanquished.

Grand Total: 275 creatures vanquished

Notes
Turn   | Place    | Note
-------+----------+-------------------------------------------
     0 | D:1      | barrythebear the Minotaur Fighter began the quest for the
                  | Orb.
     0 | D:1      | Reached XP level 1. HP: 19/19 MP: 0/0
   388 | D:1      | Reached XP level 2. HP: 22/27 MP: 1/1
   609 | D:1      | Reached skill level 3 in Axes
   851 | D:1      | Reached XP level 3. HP: 33/33 MP: 2/2
  1288 | D:2      | Found Tolicle's Weapon Shoppe.
  1368 | D:2      | Reached skill level 1 in Dodging
  1711 | D:2      | Reached skill level 4 in Axes
  2085 | D:3      | Reached XP level 4. HP: 40/40 MP: 3/3
  2265 | D:3      | Found a faded altar of an unknown god.
  2352 | D:3      | Learned a level 1 spell: Sting
  2460 | D:3      | Found a runed translucent door.
  2469 | D:3      | Noticed knorpule3000's ghost (amateur KoBr)
  2891 | D:4      | Reached XP level 5. HP: 46/46 MP: 4/4
  3010 | D:4      | Reached skill level 5 in Axes
  3066 | D:4      | Reached XP level 6. HP: 52/52 MP: 5/5
  3239 | D:4      | Reached skill level 6 in Axes
  3260 | D:4      | Found a staircase to the Ecumenical Temple.
  3651 | D:5      | Entered Level 5 of the Dungeon
  3710 | D:5      | Noticed a water moccasin
  3724 | D:5      | Killed a water moccasin
  3725 | D:5      | Reached XP level 7. HP: 25/60 MP: 6/6
  3958 | D:5      | Reached skill level 7 in Axes
  4216 | D:5      | Reached skill level 5 in Shields
  4333 | D:5      | Noticed Edmund
  4344 | D:5      | Killed Edmund
  4345 | D:5      | Reached skill level 5 in Armour
  4733 | D:5      | Reached skill level 1 in Spellcasting
  4768 | D:5      | Noticed a troll
  5020 | D:5      | Gained mutation: You possess an exceptional clarity of
                  | mind. [potion of mutation]
  5020 | D:5      | Gained mutation: You are agile. (Dex +4, Str/Int -1)
                  | [potion of mutation]
  5092 | D:5      | Reached skill level 1 in Transmutations
  5092 | D:5      | Reached XP level 8. HP: 67/67 MP: 8/8
  5332 | D:5      | Reached skill level 8 in Axes
  5339 | D:5      | Reached skill level 1 in Poison Magic
  5909 | D:6      | Found a large runed translucent door.
  5910 | D:6      | Found a large runed translucent door.
  5940 | D:6      | Found a shadowy altar of Dithmenos.
  6062 | D:6      | Found a shimmering altar of Xom.
  6070 | D:6      | Reached skill level 9 in Axes
  6107 | D:6      | Noticed Sigmund
  6113 | D:6      | Killed Sigmund
  6276 | D:6      | Reached skill level 5 in Fighting
  6276 | D:6      | Reached skill level 10 in Axes
  6276 | D:6      | Reached XP level 9. HP: 68/74 MP: 9/9
  6418 | D:6      | Noticed a komodo dragon
  6424 | D:6      | Killed a komodo dragon
  6523 | D:6      | Noticed a purple ugly thing
  6642 | D:6      | Reached skill level 11 in Axes
  6696 | D:6      | Reached skill level 5 in Dodging
  6703 | D:6      | Killed a purple ugly thing
  7030 | D:7      | Reached skill level 12 in Axes
  7099 | D:7      | Found Huecluf's Overcharged Wands.
  7173 | D:7      | Found Halis's Jewellery Boutique.
  7460 | D:8      | Reached XP level 10. HP: 56/81 MP: 10/10
  7713 | D:8      | Reached skill level 1 in Stealth
  8358 | D:8      | Found a glowing silver altar of Zin.
  8706 | D:9      | Reached skill level 13 in Axes
  9092 | D:9      | Found a staircase to the Lair.
  9116 | Lair:1   | Entered Level 1 of the Lair of Beasts
  9174 | Lair:1   | Noticed a black mamba
  9179 | Lair:1   | Reached skill level 14 in Axes
  9186 | Lair:1   | Killed a black mamba
  9187 | Lair:1   | Reached XP level 11. HP: 22/91 MP: 11/11
 10415 | Lair:1   | Reached skill level 15 in Axes
 11031 | Lair:2   | Noticed Erica
 11046 | Lair:1   | HP: 4/93 [water moccasin (3)]
 11046 | Lair:1   | Slain by Erica

Illustrated notes

Levels and vault maps discovered:
D:1:      dpeg_arrival_round_c, layout_basic
D:2:      layout_basic, serial_shops, nicolae_shop_behind_doors
D:3:      layout_loops_ring, ebering_ghost_sewer_d, basic_ecumenical_altar,
          st_stairs_5
D:4:      layout_gridville, minmay_temple_entry_overgrown, st_stairs_4,
          kennysheep_doodads, minmay_a_box_with_orc_wizards_in_it
D:5:      cheibrodos_barr_body, layout_basic, serial_park_tiny_1, uniq_edmund
D:6:      minmay_opposing_rooms, layout_rooms, jmf_multi_god_temple2,
          kennysheep_generic_room_8, uniq_sigmund
D:7:      layout_rooms, serial_shops, kennysheep_mini,
          nicolae_shop_overcharged_wands
D:8:      layout_loops_ring, nicolae_overflow_hidden_temple,
          nrook_loot_triangle, mrwooster_statue_mirror, minmay_strange_pillars
D:9:      layout_small_grid, kennysheep_vampire_church, minmay_lair_entry_grove,
          gammafunk_ghost_smash
Lair:1:   beast_lair_carwin_large_3, layout_hall_layers
Lair:2:   layout_gridlike, nicolae_lair_grove_arrangements, grunt_megastairs_3,
          uniq_erica

Skill      XL: |  1  2  3  4  5  6  7  8  9 10 11 |
---------------+----------------------------------+-----
Axes           | 3 4 5 6 7 10 12 14 15 | 15.5
Shields        | 4 5 6 7 8 |  8.6
Armour         | 4 5 6 7 |  7.9
Dodging        | 1 2 3 4 6 7 8 |  8.0
Fighting       | 4 5 6 7 |  7.7
Spellcasting   | 1 |  1.7
Transmutations | 1 |  1.2
Poison Magic   | 1 |  1.1
Stealth        | 1 |  1.9

Action                   |  1- 3 |  4- 6 |  7- 9 | 10-12 || total
-------------------------+-------+-------+-------+-------++-------
Melee: War axe           |   112 |   124 |   238 |   246 ||   720
       Headbutt          |    12 |    15 |    54 |    51 ||   132
 Cast: Sting             |       |     3 |    10 |     1 ||    14
Evoke: Wand              |       |       |     1 |       ||     1
  Use: Scroll            |     8 |     1 |     5 |     3 ||    17
       Potion            |     2 |     2 |     7 |     5 ||    16
Armor: Scale mail        |    60 |    68 |    90 |    74 ||   292
Dodge: Dodged            |    54 |    50 |   113 |    90 ||   307
Block: Buckler           |    22 |    32 |    54 |    76 ||   184

Table legend: (Time is in decaauts)
 A = Elapsed time spent in this place.
 B = Non-inter-level travel time spent in this place.
 C = Inter-level travel time spent in this place.
 D = Time resting spent in this place.
 E = Time spent auto-exploring this place.
 F = Levels seen in this place.
 G = Mean time per level.
                   A        B        C        D        E       F      G
               +--------+--------+--------+--------+--------+-----+--------+
         Total |  11039 |  10646 |    393 |   1522 |   7013 |  11 | 1003.5 |
       Dungeon |   9129 |   8746 |    383 |    932 |   5921 |   9 | 1014.3 |
          Lair |   1909 |   1899 |     10 |    590 |   1092 |   2 |  954.5 |
               +--------+--------+--------+--------+--------+-----+--------+

Top non-repeatable levels by time:
     D:5: 2035 daAuts
  Lair:1: 1688 daAuts
     D:8: 1511 daAuts
     D:1: 1217 daAuts
     D:4: 1008 daAuts
     D:6: 1004 daAuts
     D:2: 827 daAuts
     D:3: 811 daAuts
     D:7: 594 daAuts
  Lair:2: 220 daAuts
     D:9: 118 daAuts
